 Dungeon Crawl Stone Soup version 0.29.0-4-gdea44cf6ec (webtiles) character file.

Game seed: 6996300211099419914

511 qw the Chopper (level 7, 0/41 HPs)
             Began as a Tengu Warper on Aug 29, 2022.
             Was an Initiate of Okawaru.
             Slain by an iguana (8 damage)
             ... on level 5 of the Dungeon.
             The game lasted 00:00:27 (4926 turns).

qw the Chopper (Tengu Warper)                       Turns: 4926, Time: 00:00:28

Health: 0/41       AC:  8    Str: 14    XL:     7   Next: 19%
Magic:  11/11      EV: 11    Int: 13    God:    Okawaru [......]
Gold:   248        SH:  0    Dex: 13    Spells: 10/10 levels left

rFire   + . .      SeeInvis .   Y - +1 hand axe
rCold   + . .      Faith    .   (no shield)
rNeg    . . .      Spirit   .   e - +0 chain mail
rPois   .          Reflect  .   (helmet restricted)
rElec   .          Harm     .   a - scarf {rC+ rF+}
rCorr   .          Rampage  .   (no gloves)
Will    .....                   (boots unavailable)
Stlth   ..........              (no amulet)
HPRegen 0.13/turn               j - +4 ring of evasion
MPRegen 0.12/turn               (no ring)

@: flying quickly and evasively, quick
A: beak, talons 3, nimble flight
a: Renounce Religion


You were on level 5 of the Dungeon.
You worshipped Okawaru.
Okawaru was noncommittal.
You visited 2 branches of the dungeon, and saw 6 of its levels.

You collected 278 gold pieces.
You spent 30 gold pieces at shops.


Innate Abilities, Weirdness & Mutations

You have a beak for a mouth.
You have claws for feet.
Your magical nature lets you fly swiftly and evasively.


   Skills:
 - Level 3.1 Fighting
 + Level 7.6 Axes
 - Level 1.0 Throwing
 - Level 2.1 Armour
 - Level 2.1 Dodging
 - Level 2.0 Spellcasting
 - Level 2.4 Translocations


You had 10 spell levels left.
You didn't know any spells.
Your spell library contained the following spells:

 Spells                   Type           Power      Damage    Failure   Level
 Blink                    Tloc           14%        N/A       98%         2
 Gell's Gravitas          Tloc           7%         N/A       100%        3
 Lesser Beckoning         Tloc           7%         N/A       100%        3
 Teleport Other           Tloc           7%         N/A       100%        3
 Manifold Assault         Tloc           7%         N/A       100%        5

Inventory:

Hand Weapons
 f - a +0 flail
 Y - a +1 hand axe (weapon)
Armour
 a - a scarf of resistance (worn)
 e - a +0 chain mail (worn)
Jewellery
 j - a +4 ring of evasion (left hand)
Scrolls
 c - 2 scrolls of identify
 g - 2 scrolls of teleportation
Potions
 b - a potion of haste
 d - a potion of cancellation {unknown}
 h - 3 potions of curing
 l - a potion of resistance
 n - a potion of mutation
 o - a potion of degeneration {unknown}

Dungeon Overview and Level Annotations

Branches:
Dungeon (5/15)             Temple (1/1) D:4

Altars:
Ashenzari
Dithmenos
Fedhas
Gozag
Hepliaklqana
Kikubaaqudgha
Makhleb
Nemelex Xobeh
Okawaru
Qazlal
Ru
Trog
Uskayaw
Vehumet
Wu Jian
Zin
The Shining One

Shops:
D:1 *:(

Portals:
Abyss: D:4

Annotations:
D:2 1 runed translucent door, Crazy Yiuf
D:4 2 transporters, qw's ghost, amateur TeWr


Message History

The jelly is moderately wounded.
The jelly completely misses you.
You hit the jelly.
Your hands burn!
You claw the jelly.
The jelly is heavily wounded.
The jelly hits you. The acid corrodes you!
You are splashed with acid!
You slash the jelly!
Your hands burn!
The jelly is almost dead.
The jelly barely misses you.
You hit the jelly but do no damage.
Your hands burn!
You peck the jelly.
The jelly is almost dead.
You slash the jelly!
You kill the jelly!
Okawaru accepts your kill.
You start resting.
An iguana comes into view.
4742 ||| FLEEEEING.
4743 ||| FLEEEEING.
You are no longer corroded.
You start resting.
HP restored.
The iguana hisses angrily.
An iguana comes into view.
The iguana hisses angrily.
You barely miss the iguana. You claw the iguana, but do no damage.
You peck the iguana, but do no damage. The iguana bites you!
You hit the iguana. Your peck misses the iguana.
The iguana is lightly wounded.
You hit the iguana but do no damage. The iguana bites you!
The iguana completely misses you.
You hit the iguana.
The iguana is heavily wounded.
You hit the iguana. The iguana barely misses you. The iguana bites you!
You hit the iguana but do no damage. You claw the iguana.
Your peck misses the iguana.
The iguana is heavily wounded.
You hit the iguana. The iguana bites you. The iguana bites you!
You die...

.............. ..
............. ...
............ ....
......... .. ###..
......> ... .... #....#
.... ..# ##.ll.##....
..## #..@........ ...+
#........... ..##
####..##.... ..## ##..
#####..##.... ...#
.....#............ ...+
....#............
####+####...#............
####...##...#............
.......##..##..##..##....


You could see 2 iguanas.

Vanquished Creatures
  An ice beast (D:5)
  Blork the orc (D:4)
  2 orc priests (D:4)
  2 hounds
  2 jellies
  Ijyb (D:3)
  An orc wizard (D:4)
  Robin (D:2)
  4 adders
  A shadow imp (D:5)
  2 ufetubi (D:5)
  2 worms
  2 dart slugs
  2 orcs
  A ball python (D:1)
  5 bats
  4 endoplasms
  3 giant cockroaches
  13 goblins
  6 hobgoblins
  4 jackals (D:5)
  3 quokkas
  4 frilled lizards
  4 kobolds
  4 rats
75 creatures vanquished.

Vanquished Creatures (others)
  6 plants (D:5)
6 creatures vanquished.

Grand Total: 81 creatures vanquished

Notes
Turn   | Place    | Note
-------+----------+-------------------------------------------
     0 | D:1      | qw the Tengu Warper began the quest for the Orb.
     0 | D:1      | Reached XP level 1. HP: 12/12 MP: 4/4
     0 | D:1      | 0 ||| qw: Version: 0.1-a-89-g26bdef1
     0 | D:1      | 0 ||| qw: Game counter: 3636
     0 | D:1      | 0 ||| qw: Always use a shield: true
     0 | D:1      | 0 ||| qw: God list: Okawaru
     0 | D:1      | 0 ||| qw: Allow faded altars: false
     0 | D:1      | 0 ||| qw: Do Orc after D:15 true
     0 | D:1      | 0 ||| qw: Do second Lair branch before Depths: true
     0 | D:1      | 0 ||| qw: Lair rune preference: random
     0 | D:1      | 0 ||| qw: Plans: Normal
     0 | D:1      | 0 ||| PLANNING D:1-11
   155 | D:1      | Found Imithryim's Weapon Shoppe.
   161 | D:1      | HP: 3/12 [dart slug/slug dart (4)]
   165 | D:1      | Reached skill level 3 in Axes
   165 | D:1      | Reached XP level 2. HP: 5/17 MP: 6/6
   410 | D:1      | 410 ||| SHOPLISTING +0 whip (27 gold, have 6).
   410 | D:1      | 410 ||| SHOPLISTING +4 war axe of Charity {flame, rCorr}
                  | (427 gold, have 6).
   661 | D:1      | 661 ||| DROPPING +0 club.
   813 | D:1      | Found a faded altar of an unknown god.
   888 | D:1      | Found Uzistreast's Book Shoppe.
  1032 | D:1      | Found Hot Unle's Assorted Antiques.
  1035 | D:1      | 1035 ||| BUYING blue potion (15 gold).
  1035 | D:1      | Bought a blue potion for 15 gold pieces
  1035 | D:1      | 1035 ||| BUYING grey potion (15 gold).
  1035 | D:1      | Bought a grey potion for 15 gold pieces
  1035 | D:1      | 1035 ||| SHOPLISTING scroll labelled ASMUCI INYSOMU (17
                  | gold, have 16).
  1035 | D:1      | 1035 ||| SHOPLISTING scroll labelled GODOFE GEXZUIM (17
                  | gold, have 16).
  1035 | D:1      | 1035 ||| SHOPLISTING square fluorescent amulet (85 gold,
                  | have 16).
  1115 | D:1      | 1115 ||| UPGRADING to +0 scale mail.
  1125 | D:1      | 1125 ||| DROPPING +0 leather armour.
  1126 | D:1      | 1126 ||| UPGRADING to amulet of guardian spirit.
  1131 | D:1      | 1131 ||| DROPPING ring of flight.
  1132 | D:1      | 1132 ||| READING scroll labelled AKLITU GUIHYFA.
  1133 | D:1      | 1133 ||| READING scroll labelled NOV PUAMIYGAI.
  1134 | D:1      | 1134 ||| READING scroll labelled RIERAFF AGAONN.
  1135 | D:1      | 1135 ||| DROPPING scroll of blinking.
  1230 | D:2      | Noticed Robin
  1231 | D:2      | 1231 ||| Stepping ~*~*~tactically~*~*~ (hiding).
  1233 | D:2      | 1233 ||| FLEEEEING.
  1234 | D:2      | 1234 ||| FLEEEEING.
  1245 | D:2      | Reached XP level 3. HP: 19/21 MP: 5/7
  1245 | D:2      | 1245 ||| Stepping ~*~*~tactically~*~*~ (hiding).
  1259 | D:2      | Reached skill level 4 in Axes
  1271 | D:2      | Killed Robin
  1701 | D:2      | Reached XP level 4. HP: 25/26 MP: 6/8
  1877 | D:2      | Found a runed translucent door.
  1878 | D:2      | Noticed Crazy Yiuf
  2007 | D:2      | 2007 ||| UPGRADING to scarf of resistance.
  2012 | D:2      | 2012 ||| UPGRADING to +0 chain mail.
  2022 | D:2      | 2022 ||| DROPPING +0 scale mail.
  2023 | D:2      | 2023 ||| READING scroll labelled GODOFE GEXZUIM.
  2024 | D:2      | 2024 ||| DRINKING 2 fuming cyan potions.
  2275 | D:3      | Reached skill level 5 in Axes
  2337 | D:3      | 2337 ||| DROPPING +0 whip.
  2664 | D:3      | Noticed Ijyb
  2676 | D:3      | Killed Ijyb
  2677 | D:3      | Gained mutation: Your magical nature lets you fly swiftly
                  | and evasively. [Tengu growth]
  2677 | D:3      | Reached XP level 5. HP: 14/30 MP: 4/9
  2974 | D:3      | Found a bloodstained altar of Trog.
  2985 | D:3      | 2985 ||| UPGRADING to +4 ring of evasion.
  2986 | D:3      | 2986 ||| READING scroll labelled MENTUL MAZEAN.
  2987 | D:3      | 2987 ||| READING 3 scrolls labelled UXYEN KAEMI.
  2992 | D:3      | 2992 ||| READING scroll labelled LIKIRU SESUZ.
  2993 | D:3      | 2993 ||| DRINKING 2 grey potions.
  2994 | D:3      | 2994 ||| READING 3 scrolls of identify.
  2994 | D:3      | 2994 ||| IDENTIFYING dark potion
  2995 | D:3      | 2995 ||| READING 2 scrolls of identify.
  2995 | D:3      | 2995 ||| IDENTIFYING metallic dark potion
  2996 | D:3      | 2996 ||| DROPPING potion of lignification.
  2997 | D:3      | 2997 ||| DROPPING potion of attraction.
  3124 | D:4      | Reached skill level 6 in Axes
  3194 | D:4      | Found a staircase to the Ecumenical Temple.
  3195 | D:4      | 3195 ||| PLANNING TEMPLE
  3195 | D:4      | 3195 ||| DRINKING 2 sedimented puce potions.
  3196 | D:4      | 3196 ||| READING 2 scrolls of identify.
  3196 | D:4      | 3196 ||| IDENTIFYING smoky puce potion
  3203 | Temple   | Entered the Ecumenical Temple
  3339 | Temple   | Became a worshipper of Warmaster Okawaru
  3340 | Temple   | 3340 ||| REMOVING amulet of guardian spirit.
  3388 | Temple   | 3388 ||| PLANNING D:1-11
  3388 | Temple   | 3388 ||| DROPPING amulet of guardian spirit.
  3447 | D:4      | Found a transporter.
  3463 | D:4      | Noticed a kobold brigand
  3475 | D:4      | Found a transporter.
  3506 | D:4      | Noticed a small abomination
  3775 | D:4      | Reached XP level 6. HP: 26/35 MP: 10/10
  3858 | D:4      | 3858 ||| DROPPING +1 whip of electrocution.
  3901 | D:4      | Noticed Blork the orc
  3908 | D:4      | HP: 6/35 [Blork the orc/+3 mace (8)]
  3909 | D:4      | 3909 ||| READING 3 scrolls of teleportation.
  3910 | D:4      | 3910 ||| DRINKING potion of heal wounds.
  3913 | D:4      | Killed Blork the orc
  3914 | D:4      | Reached skill level 7 in Axes
  4207 | D:4      | Found a one-way gate to the infinite horrors of the Abyss.
  4207 | D:4      | Noticed qw's ghost (amateur TeWr)
  4387 | D:4      | 4387 ||| READING scroll labelled BOSAME CANWE.
  4388 | D:4      | 4388 ||| READING 2 scrolls of identify.
  4388 | D:4      | 4388 ||| IDENTIFYING cyan potion
  4415 | D:5      | Entered Level 5 of the Dungeon
  4415 | D:5      | Noticed an ice beast
  4437 | D:5      | Killed an ice beast
  4438 | D:5      | Reached skill level 3 in Fighting
  4483 | D:5      | Reached XP level 7. HP: 31/41 MP: 11/11
  4742 | D:5      | 4742 ||| FLEEEEING.
  4743 | D:5      | 4743 ||| FLEEEEING.
  4926 | D:5      | HP: 8/41 [iguana (6)]
  4926 | D:5      | Slain by an iguana

Levels and vault maps discovered:
D:1:      heliophobic_arrival_enchanted_forest, layout_basic,
          shapermc_ecumenical_altar_acropolis, serial_shops,
          nicolae_shop_behind_doors, nicolae_shop_statue_plus,
          nicolae_shop_trees
D:2:      layout_basic, uniq_crazy_yiuf_cottage, uniq_robin
D:3:      layout_basic, marbit_many_paths, kennysheep_donut, hex_tiny, uniq_ijyb
D:4:      layout_loops_ring, minmay_temple_entry_arrows,
          gammafunk_ghost_abyssal_escape, uniq_blork_the_orc
D:5:      layout_gridville, nicolae_elyvilon_temple_path, minivault_5
Temple:   eino_temple_scatter_basement

Skill      XL: |  1  2  3  4  5  6 |
---------------+-------------------+-----
Axes           | 3 4 5 6 7 |  7.6
Armour         | 2 |  2.1
Fighting       | 3 |  3.1
Throwing       | |  1.0
Dodging        | |  2.1
Spellcasting   | |  2.0
Translocations | |  2.4

Action                   |  1- 3 |  4- 6 |  7- 9 || total
-------------------------+-------+-------+-------++-------
Melee: Hand axe          |    81 |   133 |    38 ||   252
       Kick              |    20 |    37 |     6 ||    63
       Peck              |    10 |    15 |    10 ||    35
       Punch             |       |     4 |       ||     4
Throw: Boomerang         |     7 |       |       ||     7
  Use: Scroll            |     3 |    10 |       ||    13
       Potion            |       |     4 |       ||     4
Armor: Leather armour    |     5 |       |       ||     5
       Scale mail        |    27 |     6 |       ||    33
       Chain mail        |       |    55 |    15 ||    70
Dodge: Dodged            |    42 |    52 |    24 ||   118

Table legend:
 A = Non-vault XP
 B = Vault XP
 C = Vault XP percentage of total XP
 D = Non-vault monster count
 E = Vault monster count
 F = Vault count percentage of total count
                 A         B        C        D         E       F
            +---------+---------+-------+---------+---------+-------
      Total |     557 |     173 |  23.7 |      61 |      14 |  18.7
            +---------+---------+-------+---------+---------+-------
        D:1 |      24 |       0 |   0.0 |      14 |       0 |   0.0
        D:2 |      36 |      35 |  49.3 |      12 |      11 |  47.8
        D:3 |      43 |      38 |  46.9 |      13 |       2 |  13.3
        D:4 |     193 |     100 |  34.1 |      11 |       1 |   8.3
        D:5 |     261 |       0 |   0.0 |      11 |       0 |   0.0
            +---------+---------+-------+---------+---------+-------
